 Dungeon Sprint DCSS version 0.19.1 (webtiles) character file.

16872 equalderp2856 the Eviscerator (level 12, -9/87 HPs)
             Began as a Felid Fighter on Nov 27, 2016.
             Was a High Priest of Ru.
             Splashed by a brown very ugly thing's acid (10 damage)
             ... in the Dungeon (Sprint IX: "|||||||||||||||||||||||||||||").
             The game lasted 00:18:50 (7927 turns).

equalderp2856 the Eviscerator (Felid Fighter)       Turns: 7927, Time: 00:18:52

Health: -9/87      AC:  3    Str: 21    XL:     12   Next: 13%
Magic:  0/13       EV: 35    Int: 10    God:    Ru [*****.]
Gold:   1540       SH:  0    Dex: 19    Spells: 0 memorised, 11 levels left
                                        Lives:  0   Deaths: 2

rFire  x . .     SeeInvis +       - Unarmed
rCold  . . .     Gourm    .     (armour unavailable)
rNeg   . . .     Faith    .     (shield unavailable)
rPois  .         Spirit   +     (helmet unavailable)
rElec  .         Reflect  .     (cloak unavailable)
rCorr  .         Harm     .     (gloves unavailable)
MR     +....     NoTele   +     (boots unavailable)
Stlth  ..........               t - amulet of guardian spirit
                                n - +2 ring of evasion
                                m - +3 ring of strength

@: berserking, very quick
A: no armour, no weapons or thrown items, stealth, claws 1, fangs 3, see
invisible, carnivore 3, speed 1, shaggy fur 3, slow metabolism 1, unskilled 1,
sharp paws, temperature sensitive
a: Sacrifice Arcana, Sacrifice Courage, Sacrifice Drink, Reject Sacrifices, Draw
Out Power, Power Leap, Apocalypse, Renounce Religion


You were in the Dungeon.
You worshipped Ru.
Ru was extremely pleased with you.
You were not hungry.

You visited 1 branch You collected 1900 gold pieces.
You spent 360 gold pieces at shops.

Inventory:

Jewellery
 m - a +3 ring of strength (left paw)
 n - a +2 ring of evasion (right paw)
 t - an amulet of guardian spirit (around neck)
 v - an uncursed ring of ice
 w - an uncursed ring of poison resistance
 x - an uncursed ring of poison resistance
Wands
 l - a wand of acid (7/15)
 u - a wand of digging (10/24)
Scrolls
 h - 3 scrolls of blinking
 j - 4 scrolls of remove curse
 k - 2 scrolls of amnesia
 q - a scroll of fear
 r - 3 scrolls of recharging
 s - a scroll of identify
Potions
 c - a potion of invisibility
 e - 3 potions of haste
 f - 4 potions of magic
 p - a potion of cure mutation
Comestibles
 b - 13 meat rations


   Skills:
 + Level 9.7 Fighting
 + Level 15.7 Dodging
 + Level 20.5 Stealth
 + Level 25.0 Unarmed Combat


You had 11 spell levels left.
You didn't know any spells.

Dungeon Overview and Level Annotations

Branches:
Dungeon (1/1)

Altars:
Cheibriados
Dithmenos
Elyvilon
Fedhas
Gozag
Hepliaklqana
Kikubaaqudgha
Makhleb
Nemelex Xobeh
Okawaru
Qazlal
Ru
Sif Muna
Trog
Uskayaw
Vehumet
Xom
Yredelemnul
Zin
The Shining One
Beogh
Jiyva
Lugonu

Shops:
D ([=?


Innate Abilities, Weirdness & Mutations

You cannot wear armour.
You are incapable of wielding weapons or throwing items.
Your paws allow you to move quietly. (Stealth)
You have sharp claws.
You have razor-sharp teeth.
You have supernaturally acute eyesight. (SInv)
You are carnivorous and can eat meat at any time.
You cover ground quickly.
Your thick and shaggy fur keeps you warm. (AC +3, rC+)
You have a slow metabolism.
You are somewhat unskilled. (-1 Apt)
Your sharp claws are effective at attacking unaware monsters.
You are sensitive to extremes of temperature. (rF-, rC-)


Message History

The acid burns!
* * * LOW HITPOINT WARNING * * *
The sphinx casts a spell.
Something smites you!
* * * LOW HITPOINT WARNING * * *
Press: ? - help, v - describe, . - travel
Here: a sphinx An open door to the Dungeon, spattered with blood.
There are monsters nearby!
Press: ? - help, v - describe, . - travel
Here: a brown very ugly thing (heavily wounded)
The floor, spattered with blood.
There are monsters nearby!
A red film seems to cover your vision as you go berserk!
You feel yourself moving faster!
You feel mighty!
You redirect the frost giant's attack!
The brown very ugly thing engulfs you!
* * * LOW HITPOINT WARNING * * *
You are splashed with acid!
The acid burns!
You die...

▓▓▓▓▓▓▓▓▓▓▓▓▓▓▓▓▓▓▓▓▓▓▓▓▓▓▓
▓..............@uH'C[CC....
▓.▓▓▓▓▓▓▓▓▓▓▓▓▓▓▓▓▓▓▓▓▓▓▓▓▓▓▓▓▓▓
▓...............................
▓▓▓▓▓▓▓▓▓▓▓▓▓▓▓▓▓▓▓▓▓▓▓▓▓▓♣♣♣♣♣♣
▓...............'.....)...'.....
▓.▓▓▓▓▓▓▓▓▓▓▓▓▓▓▓▓▓▓▓▓▓▓▓▓♣♣♣♣♣♣
▓..................(.....().....
▓▓▓▓▓▓▓▓▓▓▓▓▓▓▓▓▓▓▓▓▓▓▓▓▓▓▓▓▓▓▓▓
▓....)....'..=).)))))))).[[[[[)[


You could see 2 frost giants, a brown very ugly thing, a sphinx and an ettin.

Vanquished Creatures
  Frances (D)
  A fire giant (D)
  A nagaraja (D)
  An entropy weaver (D)
  Nessos (D)
  A spark wasp (D)
  2 ettins (D)
  A merfolk impaler (D)
  Snorg (D)
  Erolcha (D)
  2 hydras (D)
  2 rakshasas (D)
  A merfolk aquamancer (D)
  A death knight (D)
  An anaconda (D)
  A centaur warrior (D)
  A tengu warrior (D)
  A vampire mage (D)
  4 ogre magi (D)
  Urug (D)
  A spriggan (D)
  2 shock serpents (D)
  3 sea snakes (D)
  A glowing orange brain (D)
  An ugly thing (D)
  A naga ritualist (D)
  An orb spider (D)
  A hill giant (D)
  6 orc knights (D)
  A cyclops (D)
  A black mamba (D)
  9 elephants (D)
  3 naga magi (D)
  A kobold demonologist (D)
  5 spiny frogs (D)
  A rime drake (D)
  A yaktaur (D)
  2 jumping spiders (D)
  A troll (D)
  A merfolk (D)
  6 two-headed ogres (D)
  A tyrant leech (D)
  A blink frog (D)
  4 hornets (D)
  2 slime creatures (D)
  A hippogriff (D)
  A snapping turtle (D)
  A water elemental (D)
  A shadow (D)
  2 tarantellas (D)
  2 yaks (D)
  Grum (D)
  2 insubstantial wisps (D)
  3 water moccasins (D)
  A soldier ant (shapeshifter) (D)
  9 orc warriors (D)
  A sky beast (D)
  A swamp drake (D)
  6 ogres (D)
  A boggart (D)
  2 crocodiles (D)
  3 wolves (D)
  A big kobold (D)
  4 bullfrogs (D)
  2 scorpions (D)
  3 orc priests (D)
  An orc wizard (D)
  A worker ant (D)
  A gnoll (D)
  2 worms (D)
  8 orcs (D)
  A hobgoblin (D)
  A kobold (D)
  A quokka (D)
  A ball python skeleton (D)
  A frilled lizard (D)
  A giant cockroach zombie (D)
  A rat (D)
151 creatures vanquished.

Notes
Turn   | Place    | Note
-------+----------+-------------------------------------------
     0 | D        | equalderp2856 the Felid Fighter began the quest for the Orb.
     0 | D        | Reached XP level 1. HP: 10/10 MP: 2/2
    32 | D        | Reached skill level 5 in Unarmed Combat
    32 | D        | Reached XP level 2. HP: 5/15 MP: 3/3
   217 | D        | Noticed a scorpion
   219 | D        | Reached skill level 5 in Dodging
   222 | D        | Reached skill level 1 in Stealth
   222 | D        | Reached skill level 6 in Unarmed Combat
   222 | D        | Reached XP level 3. HP: 11/18 MP: 4/4
   240 | D        | Killed a scorpion
   240 | D        | Reached skill level 5 in Fighting
   240 | D        | Reached skill level 7 in Unarmed Combat
   240 | D        | Reached XP level 4. HP: 15/23 MP: 5/5
   605 | D        | Found a roughly hewn altar of Beogh.
   605 | D        | Found a snail-covered altar of Cheibriados.
   605 | D        | Found a shadowy altar of Dithmenos.
   605 | D        | Found a white marble altar of Elyvilon.
   605 | D        | Found a blossoming altar of Fedhas.
   605 | D        | Found an opulent altar of Gozag.
   606 | D        | Found a hazy altar of Hepliaklqana.
   607 | D        | Found a viscous altar of Jiyva.
   608 | D        | Found an ancient bone altar of Kikubaaqudgha.
   609 | D        | Found a corrupted altar of Lugonu.
   610 | D        | Found a burning altar of Makhleb.
   611 | D        | Found a sparkling altar of Nemelex Xobeh.
   612 | D        | Found an iron altar of Okawaru.
   613 | D        | Found a stormy altar of Qazlal.
   614 | D        | Found a sacrificial altar of Ru.
   615 | D        | Found a deep blue altar of Sif Muna.
   616 | D        | Found a bloodstained altar of Trog.
   617 | D        | Found a hide-covered altar of Uskayaw.
   618 | D        | Found a radiant altar of Vehumet.
   619 | D        | Found a shimmering altar of Xom.
   620 | D        | Found a basalt altar of Yredelemnul.
   621 | D        | Found a glowing silver altar of Zin.
   622 | D        | Found a glowing golden altar of the Shining One.
   624 | D        | Became a worshipper of Ru the Awakened
   652 | D        | Noticed an ogre
   652 | D        | Noticed a bullfrog
   652 | D        | Noticed an ogre
   652 | D        | Noticed a big kobold
   718 | D        | Killed an ogre
   718 | D        | Reached skill level 9 in Unarmed Combat
   718 | D        | Reached XP level 5. HP: 20/27 MP: 6/6
   742 | D        | Reached skill level 10 in Unarmed Combat
   962 | D        | Killed an ogre
   962 | D        | Gained mutation: You are covered in thick fur. (AC +2) [Felid growth]
   962 | D        | Reached XP level 6. HP: 31/31 MP: 7/7
   968 | D        | Reached skill level 11 in Unarmed Combat
   974 | D        | Reached skill level 5 in Stealth
  1015 | D        | Noticed a death knight
  1015 | D        | Noticed a hill giant
  1015 | D        | Noticed a kobold demonologist
  1015 | D        | Noticed a purple ugly thing
  1281 | D        | Killed a death knight
  1281 | D        | Reached skill level 10 in Dodging
  1281 | D        | Reached skill level 13 in Unarmed Combat
  1281 | D        | Reached XP level 7. HP: 10/37 MP: 8/8
  1281 | D        | Reached XP level 8. HP: 11/40 MP: 9/9
  1525 | D        | Killed a hill giant
  1525 | D        | Reached skill level 14 in Unarmed Combat
  1549 | D        | Killed a kobold demonologist
  1549 | D        | Reached skill level 15 in Unarmed Combat
  1648 | D        | Killed a purple ugly thing
  1648 | D        | Reached XP level 9. HP: 32/45 MP: 10/10
  1872 | D        | Noticed a spiny frog
  1872 | D        | Noticed a rime drake
  1878 | D        | Killed a spiny frog
  1878 | D        | Reached skill level 10 in Stealth
  1878 | D        | Reached skill level 16 in Unarmed Combat
  1885 | D        | Killed a rime drake
  2077 | D        | Noticed a six-headed hydra
  2077 | D        | Noticed a spiny frog
  2077 | D        | Noticed an elephant
  2078 | D        | Noticed a spiny frog
  2079 | D        | Killed a six-headed hydra
  2079 | D        | Reached skill level 17 in Unarmed Combat
  2079 | D        | Reached XP level 10. HP: 49/49 MP: 11/11
  2247 | D        | Killed a spiny frog
  2266 | D        | Killed an elephant
  2266 | D        | Reached skill level 18 in Unarmed Combat
  2271 | D        | Killed a spiny frog
  2426 | D        | Noticed a spiny frog
  2446 | D        | Killed a spiny frog
  2698 | D        | Noticed an elephant
  2698 | D        | Noticed an elephant
  2698 | D        | Noticed an elephant
  2698 | D        | Noticed an elephant
  2698 | D        | Noticed an elephant
  2698 | D        | Noticed an elephant
  2699 | D        | Noticed an elephant
  2700 | D        | Killed an elephant
  2701 | D        | Noticed an elephant
  2706 | D        | Killed an elephant
  2714 | D        | Killed an elephant
  2714 | D        | Reached skill level 15 in Stealth
  2721 | D        | Killed an elephant
  2721 | D        | Reached skill level 19 in Unarmed Combat
  2896 | D        | Killed an elephant
  2903 | D        | Killed an elephant
  2903 | D        | Reached XP level 11. HP: 53/53 MP: 12/12
  2992 | D        | Noticed Erolcha
  3002 | D        | Killed Erolcha
  3064 | D        | Noticed an orc knight
  3090 | D        | Killed an orc knight
  3090 | D        | Reached skill level 20 in Unarmed Combat
  3099 | D        | Noticed an ettin
  3110 | D        | HP: 1/54 [ettin/dire flail (43)]
  3448 | D        | Killed an ettin
  3735 | D        | Noticed an orc knight
  3735 | D        | Noticed an orc knight
  3748 | D        | Killed an orc knight
  4003 | D        | Noticed an orc knight
  4595 | D        | Killed an orc knight
  4759 | D        | Killed an orc knight
  4759 | D        | Reached skill level 21 in Unarmed Combat
  4911 | D        | Noticed an orc knight
  4920 | D        | Killed an orc knight
  4937 | D        | Found Subir's Weapon Emporium.
  4937 | D        | Noticed an ogre mage
  4937 | D        | Noticed an ogre mage
  4941 | D        | Found Xompo's Armour Shoppe.
  4946 | D        | Killed an ogre mage
  4961 | D        | Killed an ogre mage
  5156 | D        | Found Gilugg's Jewellery Emporium.
  5159 | D        | Found Isunuoc's Magic Scroll Shoppe.
  5162 | D        | Noticed an ogre mage
  5172 | D        | Gained mutation: Your thick and shaggy fur keeps you warm. (AC +3, rC+) [Felid growth]
  5172 | D        | Reached XP level 12. HP: 58/58 MP: 13/13
  5179 | D        | Killed an ogre mage
  5179 | D        | Reached skill level 22 in Unarmed Combat
  5241 | D        | Gained mutation: You are somewhat unskilled. (-1 Apt) [Ru sacrifice]
  5241 | D        | Reduced skill Unarmed Combat to level 20
  5241 | D        | Reached * piety under Ru
  5241 | D        | Reached ** piety under Ru
  5269 | D        | Bought an uncursed amulet of guardian spirit for 360 gold pieces
  5438 | D        | Noticed Urug
  5445 | D        | Noticed Grum
  5445 | D        | Killed Urug
  5457 | D        | Killed Grum
  5457 | D        | Reached skill level 21 in Unarmed Combat
  5629 | D        | Noticed an ogre mage
  5629 | D        | Noticed a centaur warrior
  5635 | D        | Noticed a rakshasa
  5635 | D        | Killed an ogre mage
  5644 | D        | Killed a centaur warrior
  5645 | D        | Noticed an ettin
  5982 | D        | Killed a rakshasa
  6032 | D        | Killed an ettin
  6035 | D        | Noticed a tengu warrior
  6044 | D        | Killed a tengu warrior
  6044 | D        | Reached skill level 22 in Unarmed Combat
  6128 | D        | Noticed a fire giant
  6135 | D        | Killed a fire giant
  6161 | D        | Gained mutation: You are sensitive to extremes of temperature. (rF-, rC-) [Ru sacrifice]
  6161 | D        | Reached *** piety under Ru
  6161 | D        | Reached **** piety under Ru
  6161 | D        | Reached ***** piety under Ru
  6213 | D        | Noticed Snorg
  6220 | D        | Killed Snorg
  6253 | D        | Noticed Nessos
  6273 | D        | Killed Nessos
  6400 | D        | Noticed a spark wasp
  6401 | D        | Noticed an entropy weaver
  6410 | D        | Killed a spark wasp
  6410 | D        | Reached XP level 13. HP: 47/60 MP: 10/14
  6412 | D        | Reached skill level 23 in Unarmed Combat
  6423 | D        | Killed an entropy weaver
  6790 | D        | Noticed a merfolk impaler
  6803 | D        | Killed a merfolk impaler
  7004 | D        | Reached skill level 24 in Unarmed Combat
  7007 | D        | Noticed a nagaraja
  7013 | D        | Reached skill level 15 in Dodging
  7030 | D        | HP: 3/61 [anaconda (3)]
  7039 | D        | HP: 3/61 [naga ritualist/Olgreb's Toxic Radiance (2)]
  7043 | D        | Killed from afar by a shock serpent
  7044 | D        | Reached XP level 12. HP: 0/58 MP: 0/13
  7101 | D        | Killed a nagaraja
  7601 | D        | Noticed Frances
  7615 | D        | Slain by Frances
  7616 | D        | Reached XP level 11. HP: -1/54 MP: 0/12
  7631 | D        | Killed Frances
  7905 | D        | Noticed a rakshasa
  7905 | D        | Noticed a vampire mage
  7905 | D        | Noticed a glowing orange brain
  7905 | D        | Noticed a brown very ugly thing
  7905 | D        | Noticed a sphinx
  7906 | D        | Noticed an ettin
  7907 | D        | Killed a rakshasa
  7907 | D        | Reached XP level 12. HP: 58/58 MP: 13/13
  7908 | D        | Noticed a frost giant
  7915 | D        | Killed a vampire mage
  7917 | D        | Noticed a frost giant
  7919 | D        | Reached skill level 25 in Unarmed Combat
  7927 | D        | HP: 1/87 [brown very ugly thing (6)]
  7927 | D        | Splashed by a brown very ugly thing's acid

Skill      XL: |  1  2  3  4  5  6  7  8  9 10 11 12 13 |
---------------+----------------------------------------+-----
Unarmed Combat | 5 6 7 9 10 13 15 17 19 21 25 24 | 25.0
Dodging        | 5 6 7 8 10 11 12 13 13 15 | 15.7
Fighting       | 4 5 6 8 9 |  9.7
Stealth        | 1 2 3 4 7 9 12 15 18 18 20 | 20.5

Action                   |  1- 3 |  4- 6 |  7- 9 | 10-12 | 13-15 || total
-------------------------+-------+-------+-------+-------+-------++-------
Melee: Unarmed           |    33 |    43 |    42 |   357 |   120 ||   595
       Bite              |     3 |     8 |     6 |    60 |    19 ||    96
       Punch             |     1 |     2 |     6 |    56 |     7 ||    72
Invok: Power Leap        |       |       |       |     1 |       ||     1
       Sacrifice Skill   |       |       |       |     1 |       ||     1
       Sacrifice Resista |       |       |       |     1 |       ||     1
  Use: Potion            |     2 |     2 |     2 |     4 |     9 ||    19
 Stab: Sleeping          |     1 |       |     4 |    10 |     2 ||    17
       Distracted        |       |       |     2 |     8 |     2 ||    12
       Invisible         |       |       |       |     1 |     1 ||     2
  Eat: Chunk             |       |     2 |       |     7 |       ||     9
       Meat ration       |       |       |       |     1 |       ||     1
Armor: Skin              |       |     1 |       |     1 |     2 ||     4
Dodge: Dodged            |    17 |    20 |    17 |   174 |    97 ||   325
